 Dungeon Crawl Stone Soup version 0.21-a0-91-ga5031da (webtiles) character file.

423 Duffy the Conjurer (level 6, -1/32 HPs)
             Began as a Deep Elf Fire Elementalist on June 28, 2017.
             Slain by a gnoll sergeant
             ... wielding a +0 spear
              (4 damage)
             ... on level 3 of the Dungeon.
             The game lasted 00:05:36 (4456 turns).

Duffy the Conjurer (Deep Elf Fire Elementalist)     Turns: 4456, Time: 00:05:36

Health: -1/32      AC:  2    Str:  5    XL:     6   Next: 63%
Magic:  15/15      EV: 13    Int: 22    God:
Gold:   114        SH:  0    Dex: 15    Spells: 2/15 levels left

rFire    . . .     SeeInvis .   (no weapon)
rCold    . . .     Gourm    .   (no shield)
rNeg     . . .     Faith    +   a - +0 robe
rPois    .         Spirit   .   (no helmet)
rElec    .         Reflect  .   (no cloak)
rCorr    .         Harm     .   (no gloves)
MR       .....                  (no boots)
Stlth    ++........             g - amulet of faith
HPRegen  0.10/turn              (no ring)
MPRegen  0.14/turn              (no ring)

@: very slightly contaminated, hasted, very quick
A: no striking features
a: no special abilities


You were on level 3 of the Dungeon.
You were not hungry.

You visited 1 branch of the dungeon, and saw 3 of its levels.
You also visited: Sewer.

You collected 114 gold pieces.

Inventory:

Armour
 a - a +0 robe (worn)
Jewellery
 g - an amulet of faith (around neck)
Scrolls
 d - 4 scrolls of blinking {unknown}
 e - 2 scrolls of identify {unknown}
 f - 2 scrolls of teleportation {unknown}
 h - a scroll of random uselessness {unknown}
 k - 2 scrolls of remove curse {unknown}
 n - a scroll of fear {unknown}
 p - a scroll of torment {unknown}
 q - 4 scrolls of magic mapping {unknown}
 s - a scroll of fog {unknown}
 t - 3 scrolls of recharging {unknown}
Potions
 l - 3 potions of might {unknown}
 m - 2 potions of curing {unknown}
 o - a potion of magic
 r - a potion of haste
Books
 b - a book of Flames

   Spells                             Type                      Level
   a - Flame Tongue                   Conjuration/Fire             1
   b - Throw Flame                    Conjuration/Fire             2
   c - Conjure Flame                  Conjuration/Fire             3
   d - Inner Flame                    Hexes/Fire                   3
   e - Sticky Flame                   Conjuration/Fire             4
   f - Fireball                       Conjuration/Fire             5
Comestibles
 c - 2 bread rations
 j - 3 fruits


   Skills:
 - Level 2.4 Dodging
 - Level 2.4 Stealth
 + Level 5.1 Spellcasting
 * Level 5.3 Conjurations
 + Level 5.2 Fire Magic


You had 2 spell levels left.
You knew the following spells:

 Your Spells              Type           Power        Failure   Level  Hunger
a - Flame Tongue          Conj/Fire      ####.        1%          1    None
j - Sticky Flame          Conj/Fire      ####....     11%         4    ####...
k - Fireball              Conj/Fire      ####......   30%         5    #####..
l - Conjure Flame         Conj/Fire      ####....     3%          3    ##.....


Dungeon Overview and Level Annotations

Branches:
Dungeon (3/15)

Altars:


Message History

You are very lightly contaminated with residual magic.
The air around you burns with energy! The gnoll hits you with a club!
The gnoll sergeant hits you with a spear!
Cast which spell? (? or * to list)
You don't have enough magic to cast that spell.
There are monsters nearby!
Cast which spell? (? or * to list)
Aiming: Flame Tongue
Press: ? - help, Shift-Dir - straight line, f/p - gnoll
Aim: a gnoll, wielding a club The flame tongue hits the gnoll sergeant.
The gnoll sergeant appears unharmed.
The gnoll barely misses you.
The gnoll sergeant hits you but does no damage.
It was a potion of haste.
You feel yourself speed up. The gnoll hits you with a club.
The gnoll sergeant hits you with a spear.
It was a potion of magic.
Magic courses through your body. The gnoll closely misses you.
The gnoll sergeant hits you with a spear.
You die...

~'~#..#
##.....#####.#.#
##~#..#
#.#...........#
.###..#
#.#########.###
.....## #.# #.#
##.### #.####
##.## ##.#
#....#####...##
...#
#.............#
#.##
#.##.##g##....#
#.#
#.##.##@###.#.#
#.# #.#...#g#
#.#.# #.#
####.)...g)#
#.#.# #.#
...........#
#.#.# #.#
####......##
#.#.# #.#
#.#...#####.#.#
#.# #...).......
##..)######.
......(


You could see a gnoll sergeant, a gnoll shaman and a gnoll.

Vanquished Creatures
  2 bullfrogs (Sewer)
  9 adders
  3 gnolls (D:3)
  7 river rats
  2 oozes
  3 worms
  2 dart slugs (D:2)
  A leopard gecko (D:2)
  An orc (D:3)
  14 ball pythons
  6 bats
  4 giant cockroaches
  8 goblins
  11 hobgoblins
  3 jackals (D:3)
  8 kobolds
  A quokka (D:2)
  6 frilled lizards
  29 rats
120 creatures vanquished.

Notes
Turn   | Place    | Note
-------+----------+-------------------------------------------
     0 | D:1      | Duffy the Deep Elf Fire Elementalist began the quest for the Orb.
     0 | D:1      | Reached XP level 1. HP: 10/10 MP: 6/6
   251 | D:1      | Reached XP level 2. HP: 15/15 MP: 5/8
   948 | D:1      | Reached XP level 3. HP: 19/19 MP: 2/9
   953 | D:1      | Learned a level 3 spell: Conjure Flame
  1849 | D:2      | Reached XP level 4. HP: 24/24 MP: 8/11
  1855 | D:2      | Learned a level 4 spell: Sticky Flame
  1992 | D:2      | HP: 1/24 [worm (10)]
  2956 | D:3      | Found a glowing drain.
  2960 | Sewer    | Entered a sewer
  3048 | Sewer    | Reached XP level 5. HP: 28/28 MP: 10/13
  3451 | Sewer    | Learned a level 5 spell: Fireball
  4039 | Sewer    | Reached XP level 6. HP: 30/32 MP: 10/15
  4041 | Sewer    | Reached skill level 5 in Fire Magic
  4110 | Sewer    | Reached skill level 5 in Spellcasting
  4110 | Sewer    | Reached skill level 5 in Conjurations
  4456 | D:3      | Slain by a gnoll sergeant

Vault maps used:
D:1:      evilmike_arrival_plus
D:3:      lemuel_castle_with_subvaults, lemuel_doored_altar,
          gup_sewer_entry_bowl
Sewer:    sewer_minmay_w

Skill      XL: |  1  2  3  4  5  6 |
---------------+-------------------+-----
Conjurations   | 2 3 4 5 |  5.3
Fire Magic     | 4 5 |  5.2
Spellcasting   | 4 5 |  5.1
Dodging        | |  2.4
Stealth        | |  2.4

Action                   |  1- 3 |  4- 6 || total
-------------------------+-------+-------++-------
Melee: Unarmed           |       |     3 ||     3
 Cast: Flame Tongue      |    80 |   130 ||   210
       Conjure Flame     |       |     1 ||     1
       Sticky Flame      |       |     1 ||     1
  Use: Potion            |       |     2 ||     2
  Eat: Chunk             |     3 |     6 ||     9
       Royal jelly       |       |     1 ||     1
Armor: Robe              |     6 |     6 ||    12
Dodge: Dodged            |    12 |    55 ||    67
